 Dungeon Crawl Stone Soup version 0.30-a0-989-g0d87f670db (webtiles) character file.

Game seed: 4091195380294744136

423 Pimp the Shooter (level 6, 0/48 HPs)
             Began as a Barachi Hunter on Apr 3, 2023.
             Shot with an arrow by a centaur (6 damage)
             ... on level 5 of the Dungeon.
             The game lasted 00:12:16 (2778 turns).

Pimp the Shooter (Barachi Hunter)                   Turns: 2778, Time: 00:12:17

Health: 0/48       AC: 10    Str: 13    XL:     6   Next: 95%
Magic:  9/9        EV: 10    Int: 17    God:
Gold:   19         SH:  0    Dex: 15    Spells: 6/9 levels left

rFire   . . .      SeeInvis .    a - +1 shortbow (flame)
rCold   . . .      Faith    .    (shield currently unavailable)
rNeg    . . .      Spirit   .    g - +0 scale mail
rPois   .          Reflect  .    e - +0 helmet
rElec   .          Rampage  .    (no cloak)
rCorr   .                        m - +1 pair of gloves
Will    .....                    (no boots)
Stlth   +                        (no amulet)
HPRegen 0.28/turn                q - +6 ring of intelligence
MPRegen 0.11/turn                (no ring)

@: slow
A: amphibious, slowness 1, strong legs 1, +LOS
a: Hop


You were on level 5 of the Dungeon.
You visited 1 branch of the dungeon, and saw 5 of its levels.

You collected 142 gold pieces.
You spent 123 gold pieces at shops.

Inventory:

Hand Weapons
 a - a +1 shortbow of flaming (weapon)
Armour
 c - a +0 leather armour
 e - a +0 helmet (worn)
 g - a +0 scale mail (worn)
 m - a +1 pair of gloves (worn)
Jewellery
 q - a +6 ring of intelligence (left hand)
Wands
 d - a wand of flame (16)
Scrolls
 b - a scroll of immolation
 f - 4 scrolls of teleportation
 h - a scroll of identify
Potions
 i - 2 potions of heal wounds
 j - a potion of invisibility
 k - a potion of might
 l - a potion of mutation {unknown}
 o - a potion of haste {unknown}
 p - a potion of berserk rage {unknown}


   Skills:
 + Level 4.2 Fighting
 + Level 4.8 Ranged Weapons
 + Level 2.8 Armour
 + Level 3.7 Dodging
 + Level 2.8 Stealth
 + Level 2.4 Spellcasting
 + Level 0.1 Fire Magic
 + Level 0.3 Poison Magic


You had 6 spell levels left.
You knew the following spells:

 Your Spells              Type           Power      Damage    Failure   Level
a - Ignite Poison         Fire/Tmut/Pois 2%         N/A       93%         3

Your spell library contained the following spells:

 Spells                   Type           Power      Damage    Failure   Level
 Kindle Blastsparks       Fire/Tloc/Air  4%         2d10      94%         3
 Sticky Flame             Conj/Fire      2%         2d3       100%        4
 Freezing Cloud           Conj/Ice/Air   1%         6-21      100%        5
 Ignition                 Fire           1%         3d3       100%        8


Dungeon Overview and Level Annotations

Branches:
Dungeon (5/15)
 Temple: D:4-7

Altars:

Shops:
D:4 ?

Annotations:
D:2 1 runed translucent door, Crazy Yiuf
D:4 Ijyb


Innate Abilities, Weirdness & Mutations

You are amphibious.
You cover ground slowly.
You can hop short distances.
You have an extended range of vision and can be seen from far away.


Message History

The centaur wields a +0 shortbow.
The centaur shoots an arrow.
The arrow hits you!
The centaur shoots an arrow.
The arrow hits you!
Fire: a) +1 shortbow (flame)
Press: ? - help, Q - select action, (/) - cycle Shift-Dir - straight line, f - centaur
Aim: a centaur, wielding a +0 shortbow (74% to hit)
You shoot an arrow. The arrow hits the centaur.
The arrow burns the centaur.
The centaur is lightly wounded.
The centaur shoots an arrow.
The arrow hits you.
The centaur shoots an arrow.
The arrow barely misses you.
Fire: a) +1 shortbow (flame)
Press: ? - help, Q - select action, (/) - cycle Shift-Dir - straight line, f/p - centaur
Aim: a centaur, wielding a +0 shortbow (lightly wounded, 74% to hit)
You shoot an arrow. The arrow hits the centaur!
The arrow burns the centaur.
The centaur is heavily wounded.
The centaur shoots an arrow.
The arrow hits you.
An iguana comes into view.
Fire: a) +1 shortbow (flame)
Press: ? - help, Q - select action, (/) - cycle Shift-Dir - straight line, f/p - centaur
Aim: a centaur, wielding a +0 shortbow (heavily wounded, 74% to hit)
You shoot an arrow. The arrow hits the centaur.
The arrow burns the centaur.
The centaur is severely wounded.
The centaur shoots an arrow.
The arrow hits you.
The centaur shoots an arrow.
The arrow hits you.
* * * LOW HITPOINT WARNING * * *
Fire: a) +1 shortbow (flame)
Press: ? - help, Q - select action, (/) - cycle Shift-Dir - straight line, f/p - centaur
Aim: a centaur, wielding a +0 shortbow (severely wounded, 74% to hit)
You shoot an arrow. The arrow hits the centaur.
The arrow burns the centaur.
The centaur is almost dead.
The centaur shoots an arrow.
The arrow completely misses you.
The centaur shoots an arrow.
The arrow hits you.
* * * LOW HITPOINT WARNING * * *
Fire: a) +1 shortbow (flame)
Press: ? - help, Q - select action, (/) - cycle Shift-Dir - straight line, f/p - centaur
Aim: a centaur, wielding a +0 shortbow (almost dead, 74% to hit)
You shoot an arrow. The arrow barely misses the centaur.
The centaur shoots an arrow.
The arrow hits you!
* * * LOW HITPOINT WARNING * * *
The centaur shoots an arrow.
The arrow hits you.
You die...

........ ........ ...c....
........ ...l... ..... ...
############+##'############
................@..........#
...........................#
..........................#
#..##.>##.##...##...###+##
+##.†##..##.##...##...##...#
....<)......+.....#........#
............#.....+........#
............#.....#........#
#+#######†..###..###..##...#


You could see a centaur and an iguana.

Vanquished Creatures
  Sigmund (D:2)
  Jessica (D:2)
  Natasha (thrice) (D:2)
  4 gnolls
  5 adders
  An ufetubus (D:4)
  2 worms
  7 orcs
  4 endoplasms
  2 giant cockroaches
  5 goblins
  8 hobgoblins
  5 kobolds
  2 quokkas
  10 ball pythons
  5 bats
  2 frilled lizards
  4 rats
71 creatures vanquished.

Notes
Turn   | Place    | Note
-------+----------+-------------------------------------------
     0 | D:1      | Pimp the Barachi Hunter began the quest for the Orb.
     0 | D:1      | Reached XP level 1. HP: 17/17 MP: 1/1
    15 | D:1      | Reached skill level 1 in Stealth
   102 | D:1      | Reached XP level 2. HP: 23/23 MP: 2/2
   784 | D:2      | Reached XP level 3. HP: 20/28 MP: 2/4
  1218 | D:2      | Reached skill level 1 in Spellcasting
  1219 | D:2      | Reached skill level 1 in Armour
  1243 | D:2      | Noticed Jessica
  1245 | D:2      | Noticed Natasha
  1257 | D:2      | Killed Jessica
  1258 | D:2      | Reached XP level 4. HP: 33/35 MP: 5/5
  1265 | D:2      | Killed Natasha
  1503 | D:2      | Noticed Natasha
  1511 | D:2      | Killed Natasha
  1512 | D:2      | Reached XP level 5. HP: 36/41 MP: 7/7
  1616 | D:2      | Noticed Natasha
  1702 | D:2      | Found a runed translucent door.
  1703 | D:2      | Noticed Crazy Yiuf
  1803 | D:3      | Noticed Sigmund
  1923 | D:2      | Killed Natasha
  2010 | D:2      | Killed Sigmund
  2011 | D:2      | Reached XP level 6. HP: 46/48 MP: 7/9
  2631 | D:4      | Learned a level 3 spell: Ignite Poison
  2646 | D:4      | Found Onuwk's Magic Scroll Shop.
  2658 | D:4      | Bought a scroll of brand weapon for 123 gold pieces
  2676 | D:4      | Noticed Ijyb
  2686 | D:5      | Entered Level 5 of the Dungeon
  2778 | D:5      | Shot with an arrow by a centaur

Illustrated notes

Levels and vault maps discovered:
D:1:      dpeg_arrival_short_road, layout_basic, minmay_stone_trees_small
D:2:      layout_basic, minmay_pentomino_r4, uniq_natasha,
          uniq_crazy_yiuf_cottage, uniq_jessica
D:3:      layout_loops_ring, uniq_sigmund
D:4:      layout_basic, nicolae_gozag_cash_rules_everything_around_me,
          serial_shops, nicolae_shop_trees, kennysheep_mini, shop,
          nicolae_shop_competitors_out_of_business, shop, grunt_ministairs_15,
          uniq_ijyb
D:5:      layout_gridville, amcnicky_altar_gilded, nrook_loot_triangle

Skill      XL: |  1  2  3  4  5 |
---------------+----------------+-----
Stealth        | 1 2 |  2.8
Spellcasting   | 1 2 |  2.4
Armour         | 1 2 |  2.8
Fighting       | 3 4 |  4.2
Dodging        | 3 |  3.7
Ranged Weapons | |  4.8
Fire Magic     | |  0.1
Poison Magic   | |  0.3

Action                     |  1- 3 |  4- 6 || total
---------------------------+-------+-------++-------
   Fire: Shortbow          |    63 |   151 ||   214
    Use: Scroll            |       |    11 ||    11
         Potion            |       |     1 ||     1
 Armour: Leather armour    |    11 |     8 ||    19
         Scale mail        |       |    30 ||    30
  Dodge: Dodged            |    15 |    80 ||    95

Table legend: (Time is in decaauts)
 A = Elapsed time spent in this place.
 B = Non-inter-level travel time spent in this place.
 C = Inter-level travel time spent in this place.
 D = Time resting spent in this place.
 E = Time spent auto-exploring this place.
 F = Levels seen in this place.
 G = Mean time per level.
                   A        B        C        D        E       F      G
               +--------+--------+--------+--------+--------+-----+--------+
         Total |   3283 |   3000 |    283 |    356 |   1956 |   5 |  656.6 |
       Dungeon |   3283 |   3000 |    283 |    356 |   1956 |   5 |  656.6 |
               +--------+--------+--------+--------+--------+-----+--------+

Top non-repeatable levels by time:
     D:2: 1429 daAuts
     D:1: 919 daAuts
     D:3: 706 daAuts
     D:4: 121 daAuts
     D:5: 106 daAuts
